 Dungeon Sprint DCSS version 0.30.1-4-g462c640d31 (webtiles) character file.

Game seed: 15943619893698454808

50075 Heoruswealwe the Tortoise (level 13, -2/136 HPs)
             Began as a Demigod Fighter on Sept 18, 2023.
             Slain by a fire giant
             ... wielding a +1 great sword of flaming
              (14 damage)
             ... in the Dungeon (Sprint V: "Ziggurat Sprint") on Sept 19, 2023.
             The game lasted 01:02:12 (2838 turns).

Heoruswealwe the Tortoise (Demigod Fighter)         Turns: 2838, Time: 01:02:13

Health: -2/136     AC: 47    Str: 48    XL:     13   Next: 83%
Magic:  0/16       EV:  7    Int: 11    God:
Gold:   0          SH: 37    Dex: 13    Spells: 12/12 levels left

rFire   + + +        a - +12 lance "Wyrmbane" {slay drac, rPois rF+ rC+ AC+3}
rCold   + + +        d - +18 shield of the Gong {Loud rN+ Will+ rCorr EV-5}
rNeg    + . .        c - +12 gold dragon scales
rPois   +            g - +1 helmet {SInv}
rElec   +            h - +1 cloak of Starlight {*Dazzle EV+4 Stlth--}
rCorr   +            f - +0 pair of gloves {infuse}
SInv    +            e - +0 pair of boots of the Volcano {rC++}
Will    ++...        i - amulet "Iloewem" {Reflect +Blink rCorr Str+3 Int+3 SH+5} Stlth
                     k - +6 ring of strength
HPRegen 0.42/turn    j - +6 ring of strength
MPRegen 0.15/turn

%: no teleportation, reflection
@: resistant, studying 2 skills
A: high MP 1, forlorn, divine attributes, dopey 1
a: Evoke Blink


You were in the Dungeon.
You visited 1 branch

Inventory:

Hand Weapons
 a - the +12 lance "Wyrmbane" (weapon) {slay drac, rPois rF+ rC+ AC+3}
   (You found it in the Dungeon)

   AC:        It affects your AC (+3).
   rF:        It protects you from fire.
   rC:        It protects you from cold.
   rPois:     It protects you from poison.
 b - a +9 spectral demon trident
 l - the +13 scythe of Curses {drain, curses, Drain}
   (You found it in the Dungeon)

   Drain:     It drains your maximum health when unequipped.
 n - the +8 frozen axe "Frostbite" {freeze, freezing cloud, *Noise Fly rC+}
   (You found it in the Dungeon)

   rC:        It protects you from cold.
   Fly:       It grants you flight.
   *Noise:    It may make noises in combat.
Armour
 c - +12 gold dragon scales (worn)
 d - the +18 shield of the Gong (worn) {Loud rN+ Will+ rCorr EV-5}
   (You found it in the Dungeon)

   Loud:      It is deafeningly noisy when blocking attacks.
   EV:        It affects your evasion (-5).
   rN:        It protects you from negative energy.
   rCorr:     It protects you from acid and corrosion.
   Will:      It increases your willpower.
 e - the +0 pair of boots of the Volcano (worn) {rC++}
   (You found it in the Dungeon)

   rC:        It greatly protects you from cold.
 f - a +0 pair of gloves of infusion (worn)
 g - a +1 helmet of see invisible (worn)
 h - the +1 cloak of Starlight (worn) {*Dazzle EV+4 Stlth--}
   (You found it in the Dungeon)

   *Dazzle:   It may blind those who miss an attack against the wearer in melee
   combat.
   EV:        It affects your evasion (+4).
   Stlth:     It makes you much less stealthy.
 m - the +15 Maxwell's patent armour {-Cast -Tele rElec Will+ rCorr}
   (You found it in the Dungeon)

   rElec:     It insulates you from electricity.
   -Cast:     It prevents spellcasting.
   -Tele:     It prevents most forms of teleportation.
   rCorr:     It protects you from acid and corrosion.
   Will:      It increases your willpower.
 o - a +1 pair of boots of flying
Jewellery
 i - the amulet "Iloewem" (around neck) {Reflect +Blink rCorr Str+3 Int+3 SH+5}
   (You took it off a fire giant in the Dungeon)

   [amulet of reflection]

   It reflects blocked missile attacks.
   Str:       It affects your strength (+3).
   Int:       It affects your intelligence (+3).
   +Blink:    It lets you blink.
   rCorr:     It protects you from acid and corrosion.
   SH:        It affects your SH (+5).
 j - a +6 ring of strength (right hand)
 k - a +6 ring of strength (left hand)
 p - a ring of flight
Wands
 v - a wand of digging (7)
Scrolls
 q - 4 scrolls of enchant armour
 A - a scroll of blinking
Potions
 r - 2 potions of berserk rage
 C - a potion of resistance
 F - a potion of invisibility


   Skills:
 + Level 18.8 Fighting
 + Level 18.7 Polearms
 + Level 20.6 Armour
 + Level 18.8 Shields


You had 12 spell levels left.
You didn't know any spells.
Your spell library contained the following spells:

 Spells                   Type           Power      Damage    Failure   Level
 Apportation              Tloc           0%         N/A       86%         1
 Foxfire                  Conj/Fire      0%         2x1d4     86%         1
 Kiss of Death            Conj/Necr      0%         2d5       86%         1
 Call Imp                 Summ           0%         N/A       95%         2
 Lesser Beckoning         Tloc           0%         N/A       95%         2
 Sublimation of Blood     Necr           0%         N/A       95%         2
 Wereblood                Tmut           0%         N/A       95%         2
 Call Canine Familiar     Summ           0%         N/A       99%         3
 Confusing Touch          Hex            0%         N/A       99%         3
 Dazzling Flash           Conj/Hex       0%         N/A       99%         3
 Hailstorm                Conj/Ice       0%         3d3       99%         3
 Ignite Poison            Fire/Tmut/Pois 0%         N/A       99%         3
 Inner Flame              Hex/Fire       0%         N/A       99%         3
 Portal Projectile        Hex/Tloc       0%         N/A       99%         3
 Summon Guardian Golem    Hex/Summ       0%         N/A       99%         3
 Tukima's Dance           Hex            0%         N/A       99%         3
 Volatile Blastmotes      Fire/Tloc      0%         2d10      99%         3
 Anguish                  Hex/Necr       0%         N/A       100%        4
 Animate Dead             Necr           0%         N/A       100%        4
 Cause Fear               Hex            0%         N/A       100%        4
 Flame Wave               Conj/Fire      0%         2d4       100%        4
 Fulminant Prism          Conj/Hex       0%         3d5       100%        4
 Iskenderun's Mystic Bla  Conj/Tloc      0%         2d3       100%        4
 Leda's Liquefaction      Hex/Erth       0%         N/A       100%        4
 Petrify                  Tmut/Erth      0%         N/A       100%        4
 Sticky Flame             Conj/Fire      0%         2d3       100%        4
 Agony                    Necr           0%         N/A       100%        5
 Alistair's Intoxication  Tmut/Pois      0%         N/A       100%        5
 Arcjolt                  Conj/Air       0%         1d10      100%        5
 Blade Hands              Tmut           0%         N/A       100%        5
 Borgnjor's Vile Clutch   Necr/Erth      0%         N/A       100%        5
 Fireball                 Conj/Fire      0%         3d3       100%        5
 Freezing Cloud           Conj/Ice/Air   0%         6-21      100%        5
 Irradiate                Conj/Tmut      0%         3d11      100%        5
 Lee's Rapid Deconstruct  Erth           0%         3d4*      100%        5
 Summon Forest            Summ/Tloc      0%         N/A       100%        5
 Summon Mana Viper        Hex/Summ       0%         N/A       100%        5
 Death Channel            Necr           0%         N/A       100%        6
 Dispersal                Tloc           0%         N/A       100%        6
 Eringya's Noxious Bog    Tmut/Pois      0%         N/A       100%        6
 Plasma Beam              Fire/Air       0%         2x1d11    100%        6
 Starburst                Conj/Fire      0%         6d3       100%        6
 Statue Form              Tmut/Erth      0%         N/A       100%        6
 Summon Cactus Giant      Summ           0%         N/A       100%        6
 Dragon Form              Tmut           0%         N/A       100%        7
 Haunt                    Necr/Summ      0%         N/A       100%        7
 Orb of Destruction       Conj           0%         9d5       100%        7
 Spellforged Servitor     Conj/Summ      0%         N/A       100%        7
 Summon Hydra             Summ           0%         N/A       100%        7
 Ignition                 Fire           0%         3d3       100%        8
 Infestation              Necr           0%         N/A       100%        8


Dungeon Overview and Level Annotations

Branches:
Dungeon (1/1)


Innate Abilities, Weirdness & Mutations

You have an increased reservoir of magic. (+10% MP)
You shall have no god before yourself.
Your divine heritage dramatically boosts your attributes as you level up.
You are dopey. (Int -2)


Message History

PANG!
You impale the fire elemental!!
The fire elemental is almost destroyed.
You block the hell hog's attack.
BOUMMMMG!
You block the hell hog's attack.
PANG!
You hit the fire elemental.
You destroy the fire elemental!
The efreet gestures at you.
The bolt of fire misses the hell hog.
The bolt of fire misses you. You block the hell hog's attack.
BOUMMMMG!
You impale the fire giant!!
The fire giant is heavily wounded.
You block the hell hog's attack.
GONNNNG!
The fire giant points at you and mumbles some strange words.
The bolt of fire hits you. You resist.
* * * LOW HITPOINT WARNING * * *
The efreet gestures at you.
The fireball explodes!
The fireball engulfs the hell hog.
The hell hog completely resists.
The fireball engulfs the fire giant.
The fire giant resists.
The fireball engulfs the hell hog.
The hell hog completely resists.
The fireball engulfs the efreet.
The efreet completely resists.
The fireball engulfs you but does no damage.
You hit the fire giant.
The fire giant is heavily wounded.
You block the hell hog's attack.
GONNNNG!
You block the hell hog's attack.
PTOANNNG!
Unknown command.
You barely miss the fire giant.
The fire giant is heavily wounded.
You block the hell hog's attack.
GONNNNG!
The fire giant hits you with a +1 great sword of flaming!
You die...

......hh○.▓...........▓...
.............▓.........††▓.▓.
.............▓.....©...†.▓...
......○.....▓▓▓▓▓▓▓▓▓▓▓▓▓▓▓▓
▓......○▓..▓...8©8...▓...8© ▓
▓▓.....▓▓▓)▓../|.|.|.▓...[.
▓..▓.°.....▓.R▓..[|.)[..▓....)
▓....°.....○hh▓.........▓.....
▓......©...hC@▓.........▓.....
▓▓▓▓▓▓▓▓▓▓▓▓▓▓▓.........▓.....
▓.........▓.....
▓.........▓.....
▓.▓.....▓[▓.▓...
▓....©..†.▓....©
▓▓▓▓▓▓▓▓▓▓▓▓▓▓▓▓


You could see a fire giant, 2 hell hogs, an efreet and a hell hound.

Vanquished Creatures
  A deep elf blademaster (D)
  A deep elf master archer (D)
  2 shadow dragons (D)
  7 fire giants (D)
  2 vault wardens (D)
  An emperor scorpion (D)
  A deep elf elementalist (D)
  A ghost moth (D)
  A ghoul (D)
  An ironbound preserver (D)
  A deep elf demonologist (D)
  A spark wasp (D)
  A merfolk javelineer (D)
  A merfolk impaler (D)
  A yaktaur captain (D)
  4 fire dragons (D)
  A deep elf high priest (D)
  A rakshasa (D)
  6 vault guards (D)
  A hydra (D)
  An ironbound frostheart (D)
  A spriggan air mage (D)
  4 merfolk aquamancers (D)
  A satyr (D)
  A centaur warrior (D)
  3 hell hogs (D)
  5 soul eaters (D)
  A deep elf knight (D)
  A sixfirhy (D)
  A spriggan druid (D)
  A steelbarb worm (D)
  2 deep elf archers (D)
  A harpy (D)
  2 deep elf pyromancers (D)
  A manticore (D)
  6 deep elf zephyrmancers (D)
  A steelbarb worm (shapeshifter) (D)
  A cyclops (shapeshifter) (D)
  A black mamba (D)
  A naga mage (D)
  An eye of devastation (D)
  A cane toad (D)
  3 demonic crawlers (D)
  A rime drake (D)
  3 efreet (D)
  3 yaktaurs (D)
  A komodo dragon (D)
  A merfolk (D)
  A blink frog (D)
  A wind drake (D)
  A snapping turtle (D)
  3 hornets (D)
  A culicivora (D)
  4 slime creatures (D)
  2 yaks (D)
  A water elemental (D)
  5 fire elementals (D)
  A basilisk (D)
  A golden eye (D)
  A neqoxec (D)
  A redback (D)
  5 nagas (D)
  A water moccasin (D)
  4 hell hounds (D)
  2 floating eyes (D)
  A small abomination (D)
  A wolf (D)
  2 phantoms (D)
  A necrophage (D)
  6 scorpions (D)
  A quasit (D)
  4 jellies (D)
  An iron imp (D)
  An adder (D)
  2 shadow imps (D)
  An ufetubus (D)
  2 spectral adders (D)
  3 adder skeletons (D)
  A ball python (D)
  A bat skeleton (D)
  A bat zombie (D)
  2 endoplasms (D)
  A jackal (D)
  A ball python simulacrum (D)
  A giant cockroach zombie (D)
  2 quokka skeletons (D)
  2 spectral giant cockroaches (D)
  A spectral jackal (D)
160 creatures vanquished.

Vanquished Creatures (others)
  A wizard (D)
  A jelly (D)
2 creatures vanquished.

Grand Total: 162 creatures vanquished

Notes
Turn   | Place    | Note
-------+----------+-------------------------------------------
     0 | D        | Heoruswealwe the Demigod Fighter began the quest for the
                  | Orb.
     0 | D        | Reached XP level 1. HP: 18/18 MP: 3/3
     0 | D        | Found the +6 Majin-Bo {spellvamp, MP+6 Int+6}
     0 | D        | Found the +27 heavy crossbow "Sniper" {heavy, Acc+∞ SInv}
     0 | D        | Found the +10 dark maul {heavy}
     0 | D        | Found the +15 Maxwell's patent armour {-Cast -Tele rElec
                  | Will+ rCorr}
     0 | D        | Found the +18 shield of the Gong {Loud rN+ Will+ rCorr
                  | EV-5}
     0 | D        | Found the +16 obsidian axe {drain, demonic, Mesm Drain Fly
                  | SInv}
     0 | D        | Found the +7 great mace "Firestarter" {flame, immolate,
                  | rFlCloud rF++}
     0 | D        | Found the +6 shillelagh "Devastator" {shatter}
     0 | D        | Found the +11 plutonium sword {Contam Stlth-}
     0 | D        | Found the +8 lance "Wyrmbane" {slay drac, rPois rF+ rC+
                  | AC+3}
     0 | D        | Found the +9 sword of Zonguldrok {reap}
     0 | D        | Found the +13 scythe of Curses {drain, curses, Drain}
     0 | D        | Found the +9 sword of Power {lifebolt}
     0 | D        | Found the +7 mace of Variability {chaos, chaos arc}
     0 | D        | Found the +11 Singing Sword {sonic wave}
     0 | D        | Found the +8 storm bow {elec, penet}
     2 | D        | Found a transporter.
    66 | D        | Reached skill level 4 in Armour
    66 | D        | Reached XP level 2. HP: 27/27 MP: 4/4
   118 | D        | Entered arena 2.
   118 | D        | Noticed a scorpion
   118 | D        | Noticed a scorpion
   118 | D        | Found a transporter.
   121 | D        | Killed a scorpion
   122 | D        | Reached skill level 5 in Fighting
   122 | D        | Reached skill level 5 in Armour
   122 | D        | Reached skill level 5 in Shields
   122 | D        | Reached XP level 3. HP: 36/36 MP: 5/5
   128 | D        | Killed a scorpion
   129 | D        | Reached skill level 5 in Polearms
   129 | D        | Reached XP level 4. HP: 44/44 MP: 6/6
   139 | D        | Entered arena 3.
   139 | D        | Noticed a yak
   139 | D        | Noticed a yak
   139 | D        | Found a transporter.
   149 | D        | Killed a yak
   150 | D        | Reached skill level 6 in Armour
   150 | D        | Reached XP level 5. HP: 42/51 MP: 7/7
   155 | D        | Killed a yak
   156 | D        | Reached skill level 7 in Armour
   156 | D        | Reached XP level 6. HP: 49/60 MP: 8/8
   194 | D        | Entered arena 4.
   194 | D        | Found a transporter.
   212 | D        | Got the Precepts of Ensorcelling
   215 | D        | Entered arena 5.
   215 | D        | Found a transporter.
   235 | D        | Reached skill level 8 in Armour
   235 | D        | Reached XP level 7. HP: 68/68 MP: 9/9
   242 | D        | Got Zoqaicva's Octavo of Therianthropy and the Gathering
   251 | D        | Entered arena 6.
   251 | D        | Found a transporter.
   286 | D        | Entered arena 7.
   286 | D        | Found the +8 frozen axe "Frostbite" {freeze, freezing
                  | cloud, *Noise Fly rC+}
   286 | D        | Noticed a neqoxec
   286 | D        | Noticed a sixfirhy
   286 | D        | Noticed a rakshasa
   292 | D        | Killed a sixfirhy
   293 | D        | Reached skill level 9 in Armour
   293 | D        | Reached XP level 8. HP: 60/78 MP: 10/10
   316 | D        | Killed a rakshasa
   319 | D        | Gained mutation: You are dopey. (Int -2) [a neqoxec]
   321 | D        | Reached skill level 10 in Fighting
   321 | D        | Reached skill level 10 in Armour
   321 | D        | Reached skill level 10 in Shields
   327 | D        | Found a transporter.
   455 | D        | Entered arena 8.
   466 | D        | Reached skill level 10 in Polearms
   475 | D        | Reached XP level 9. HP: 82/86 MP: 11/11
   475 | D        | Found a transporter.
   481 | D        | Got the +0 pair of boots of the Volcano {rC++}
   488 | D        | Got Lepsa's Monograph on Permutations
   494 | D        | Got the ring of Symmetry {Drain rPois rF+ Str+3}
   498 | D        | Entered arena 9.
   498 | D        | Noticed a centaur warrior
   498 | D        | Noticed a vault guard
   498 | D        | Noticed a wizard
   498 | D        | Noticed an ironbound preserver
   498 | D        | Noticed a vault warden
   498 | D        | Noticed a yaktaur
   498 | D        | Noticed a yaktaur captain
   511 | D        | Killed an ironbound preserver
   528 | D        | Killed a vault warden
   529 | D        | Reached skill level 11 in Armour
   532 | D        | Killed a wizard
   538 | D        | Killed a vault guard
   539 | D        | Reached XP level 10. HP: 50/97 MP: 13/13
   543 | D        | Killed a centaur warrior
   550 | D        | Killed a yaktaur captain
   551 | D        | Reached skill level 12 in Armour
   556 | D        | Found a transporter.
   688 | D        | Entered arena 10.
   688 | D        | Found the +1 cloak of Starlight {*Dazzle EV+4 Stlth--}
   688 | D        | Noticed a naga mage
   707 | D        | Killed a naga mage
   723 | D        | Found a transporter.
   761 | D        | Got the Almanac of Angles and the Inferno
   822 | D        | Entered arena 11.
   822 | D        | Noticed a vault guard
   822 | D        | Noticed a vault guard
   822 | D        | Noticed a vault guard
   822 | D        | Noticed a vault warden
   822 | D        | Noticed a vault guard
   822 | D        | Noticed an ironbound frostheart
   822 | D        | Noticed a vault guard
   838 | D        | Killed a vault guard
   848 | D        | Killed a vault guard
   863 | D        | Killed a vault warden
   864 | D        | Reached skill level 13 in Armour
   875 | D        | Killed a vault guard
   876 | D        | Reached XP level 11. HP: 71/107 MP: 0/14
   880 | D        | Killed an ironbound frostheart
   887 | D        | Killed a vault guard
   895 | D        | Killed a vault guard
  1009 | D        | Found a transporter.
  1027 | D        | Entered arena 12.
  1027 | D        | Noticed a fire dragon
  1027 | D        | Noticed a fire giant
  1027 | D        | Noticed a fire giant
  1028 | D        | Identified the amulet "Iloewem" {Reflect +Blink rCorr Str+3
                  | Int+3 SH+5}
  1028 | D        | Noticed a fire giant
  1028 | D        | Noticed a hell hog
  1041 | D        | Reached skill level 14 in Armour
  1052 | D        | Killed a fire giant
  1064 | D        | Killed a fire giant
  1065 | D        | Reached skill level 15 in Armour
  1068 | D        | Killed a fire dragon
  1075 | D        | Killed a fire giant
  1083 | D        | Killed a hell hog
  1092 | D        | Found a transporter.
  1103 | D        | Got Sif Muna's Guide on Frigorific Incandescence
  1189 | D        | Entered arena 13.
  1189 | D        | Noticed a six-headed hydra
  1190 | D        | Noticed a spriggan air mage
  1191 | D        | Noticed a spriggan druid
  1201 | D        | Killed a spriggan druid
  1204 | D        | Reached skill level 15 in Fighting
  1204 | D        | Reached skill level 16 in Armour
  1204 | D        | Reached skill level 15 in Shields
  1213 | D        | Killed a six-headed hydra
  1214 | D        | Reached skill level 15 in Polearms
  1214 | D        | Reached XP level 12. HP: 109/119 MP: 0/15
  1246 | D        | Killed a spriggan air mage
  1250 | D        | Found a transporter.
  1258 | D        | Got Practical Incantation
  1350 | D        | Entered arena 14.
  1351 | D        | Noticed a ghost moth
  1351 | D        | Noticed a spark wasp
  1358 | D        | Noticed an emperor scorpion
  1368 | D        | Killed a spark wasp
  1372 | D        | Reached skill level 17 in Armour
  1383 | D        | Killed an emperor scorpion
  1402 | D        | Killed a ghost moth
  1428 | D        | Found a transporter.
  1617 | D        | Entered arena 15.
  1618 | D        | Noticed a merfolk aquamancer
  1618 | D        | Noticed a merfolk aquamancer
  1618 | D        | Noticed a merfolk impaler
  1618 | D        | Noticed a merfolk aquamancer
  1618 | D        | Noticed a merfolk aquamancer
  1619 | D        | Identified the +5 executioner's axe of Xaret {vamp, rPois
                  | Str+2 Int+2 Dex-4}
  1619 | D        | Noticed a merfolk javelineer
  1629 | D        | Reached skill level 18 in Armour
  1634 | D        | Killed a merfolk aquamancer
  1637 | D        | Killed a merfolk aquamancer
  1644 | D        | Found a transporter.
  1650 | D        | Killed a merfolk aquamancer
  1654 | D        | Killed a merfolk aquamancer
  1687 | D        | Killed a merfolk javelineer
  1698 | D        | Killed a merfolk impaler
  1934 | D        | Entered arena 16.
  1940 | D        | Noticed a shadow dragon
  1957 | D        | Noticed a ghoul
  1957 | D        | Noticed a shadow dragon
  1964 | D        | Reached skill level 19 in Armour
  1966 | D        | Reached XP level 13. HP: 109/130 MP: 0/16
  1971 | D        | Killed a shadow dragon
  1979 | D        | Killed a ghoul
  2000 | D        | Killed a shadow dragon
  2003 | D        | Found a transporter.
  2010 | D        | Got Sif Muna's Elucidation of Rotting Weather
  2116 | D        | Entered arena 17.
  2171 | D        | Found a transporter.
  2280 | D        | Entered arena 18.
  2289 | D        | Noticed a deep elf demonologist
  2289 | D        | Noticed a deep elf elementalist
  2289 | D        | Noticed a deep elf blademaster
  2289 | D        | Noticed a deep elf master archer
  2290 | D        | Noticed a lorocyproca
  2311 | D        | Killed a deep elf blademaster
  2319 | D        | Noticed an Ice Fiend
  2322 | D        | Identified the +5 war axe of the Five Songs {heavy, rPois
                  | Int+5 Stlth+}
  2334 | D        | Killed a deep elf elementalist
  2337 | D        | Killed a deep elf demonologist
  2361 | D        | Found a transporter.
  2371 | D        | Killed a deep elf master archer
  2372 | D        | Reached skill level 20 in Armour
  2383 | D        | HP: 10/201 [deep elf zephyrmancer/bolt of lightning (3)]
  2738 | D        | Got the Disquisition on Peregrination
  2750 | D        | Got Sif Muna's Encyclopedia of the Supportive Fairies
  2755 | D        | Entered arena 19.
  2764 | D        | Noticed a fire giant
  2764 | D        | Noticed a fire giant
  2764 | D        | Noticed a fire giant
  2781 | D        | Killed a fire giant
  2790 | D        | Killed a fire giant
  2791 | D        | Noticed a fire giant
  2801 | D        | Killed a fire giant
  2803 | D        | Noticed a fire giant
  2816 | D        | Killed a fire giant
  2838 | D        | Slain by a fire giant

Illustrated notes

Levels and vault maps discovered:
D:        sprint_v [room_start, room_1, room_2, room_3, room_4, room_5, room_6,
          room_7, room_8, room_9, room_10, room_11, room_12, room_13, room_14,
          room_15, room_16, room_17, room_18, room_19, room_20, room_21,
          room_22, room_23, room_24, room_25, room_26, room_27]

Skill      XL: |  1  2  3  4  5  6  7  8  9 10 11 12 13 |
---------------+----------------------------------------+-----
Fighting       | 4 5 6 7 8 9 10 11 13 15 16 18 | 18.8
Polearms       | 3 4 5 6 7 9 10 11 13 15 16 18 | 18.7
Armour         | 4 5 6 7 8 9 10 11 13 16 19 20 | 20.6
Shields        | 4 5 6 7 8 9 10 11 13 15 16 18 | 18.8

Action                     |  1- 3 |  4- 6 |  7- 9 | 10-12 | 13-15 || total
---------------------------+-------+-------+-------+-------+-------++-------
  Melee: Lance             |    10 |    44 |   110 |   366 |   212 ||   742
    Use: Potion            |     1 |       |     3 |    23 |    11 ||    38
         Scroll            |       |       |     2 |     5 |    10 ||    17
   Stab: Invisible         |       |       |       |     3 |     3 ||     6
 Armour: Gold dragon scale |     4 |    10 |    21 |   130 |    39 ||   204
  Dodge: Dodged            |       |     1 |     2 |    43 |    26 ||    72
  Block: Kite shield       |     8 |    66 |   118 |   410 |   202 ||   804
         Reflection        |       |       |       |       |     7 ||     7
